 Dungeon Crawl Stone Soup version 0.22.0 (webtiles) character file.

117 Blackhawk the Skirmisher (level 5, 0/42 HPs)
             Began as a Formicid Abyssal Knight on Oct 25, 2018.
             Was a Follower of Lugonu.
             Killed by divine providence
             ... invoked by an orc priest
              (15 damage)
             ... on level 3 of the Dungeon.
             The game lasted 00:03:43 (2676 turns).

Blackhawk the Skirmisher (Formicid Abyssal Knight)  Turns: 2676, Time: 00:03:44

Health: 0/42       AC:  3    Str: 18    XL:     5   Next: 22%
Magic:  7/7        EV: 12    Int: 11    God:    Lugonu [*.....]
Gold:   204        SH:  0    Dex: 10    Spells: 4/4 levels left

rFire    . . .     SeeInvis +   a - +1 mace
rCold    . . .     Gourm    .   (no shield)
rNeg     . . .     Faith    .   b - +0 leather armour
rPois    .         Spirit   .   (helmet unavailable)
rElec    .         Reflect  .   (no cloak)
rCorr    .         Harm     .   (no gloves)
MR       .....                  (no boots)
Stlth    +.........             (no amulet)
HPRegen  0.14/turn              (no ring)
MPRegen  0.10/turn              (no ring)

@: no status effects
A: permanent stasis, dig shafts and tunnels, four strong arms, antennae 3
a: Dig, Shaft Self, Depart the Abyss, Renounce Religion


You were on level 3 of the Dungeon.
You worshipped Lugonu.
Lugonu was aware of your devotion.
You were hungry.

You visited 1 branch of the dungeon, and saw 3 of its levels.
You visited the Abyss 1 time.

You collected 204 gold pieces.

Inventory:

Hand Weapons
 a - a +1 mace (weapon)
 o - a +2 quarterstaff of chaos
Missiles
 e - 110 stones (quivered)
 l - 58 sling bullets
Armour
 b - a +0 leather armour (worn)
 r - a cursed +0 cloak
Jewellery
 h - an uncursed ring of ice {unknown}
Wands
 s - a wand of acid (11)
Scrolls
 f - a scroll of noise {unknown}
 i - a scroll of remove curse {unknown}
 j - 2 scrolls of fog {unknown}
 m - 2 scrolls of teleportation {unknown}
 n - 2 scrolls of enchant armour {unknown}
 p - a scroll of random uselessness {unknown}
 q - a scroll of identify {unknown}
 t - a scroll of fear {unknown}
Potions
 d - 2 potions of mutation {unknown}
 g - a potion of might {unknown}
 k - a potion of heal wounds {unknown}
Comestibles
 c - 5 rations


   Skills:
 + Level 4.0 Fighting
 + Level 2.8 Maces & Flails
 + Level 3.1 Armour
 + Level 1.9 Dodging
 + Level 3.1 Invocations


You had 4 spell levels left.
You didn't know any spells.
Your spell library was empty.

Dungeon Overview and Level Annotations

Branches:
Dungeon (3/15)

Altars:


Innate Abilities, Weirdness & Mutations

You cannot be hasted, slowed, berserked, paralysed or teleported.
You can dig through walls and to a lower floor.
Your four strong arms can wield two-handed weapons with a shield.
You have a pair of large antennae on your head. (SInv)


Message History

The orc barely misses you.
You hit the orc but do no damage.
The orc is almost dead.
The orc hits you but does no damage.
You closely miss the orc.
The orc is almost dead.
The orc barely misses you.
You hit the orc.
You kill the orc!
Lugonu accepts your kill.
You barely miss the orc priest.
The orc priest hits you but does no damage.
The orc priest calls down the wrath of Beogh upon you.
Beogh smites you!
You hit the orc priest but do no damage.
The orc priest hits you with a trident!
You barely miss the orc priest.
The orc priest invokes the aid of Beogh against you.
Beogh smites you!
You die...

#.## #.# ...## #.#
....#### #.#
.......#####.##########..
....##........{........o.
...#########.##.....o.o..
#[###### #.###{######.#
......(# #.# ##o#
#.####.# #.# #@##
#.####.#####.# ###
#............#
######.#####.# #.# ###
#.# #.. #.# .## #.# #.#
..# #.# #.# ##.####.####


You could see an orc priest.

Vanquished Creatures
  Crazy Yiuf (D:2)
  3 adders
  2 oozes
  2 worms
  A leopard gecko (D:1)
  An orc (D:3)
  A ball python (D:1)
  A giant cockroach (D:2)
  7 goblins
  8 hobgoblins
  6 jackals
  A kobold (D:1)
  6 bats
  A frilled lizard (D:1)
  5 rats
46 creatures vanquished.

Notes
Turn   | Place    | Note
-------+----------+-------------------------------------------
     0 | Abyss:1  | Blackhawk the Formicid Abyssal Knight began the quest for the Orb.
     0 | Abyss:1  | Reached XP level 1. HP: 18/18 MP: 2/2
    81 | D:1      | Escaped the Abyss
   224 | D:1      | Reached skill level 1 in Dodging
   227 | D:1      | Reached XP level 2. HP: 18/24 MP: 3/3
   823 | D:1      | Reached XP level 3. HP: 26/29 MP: 4/4
   833 | D:1      | Reached * piety under Lugonu
  1465 | D:2      | Found a runed door.
  1531 | D:2      | Reached XP level 4. HP: 33/37 MP: 6/6
  2093 | D:2      | Noticed Crazy Yiuf
  2100 | D:2      | Killed Crazy Yiuf
  2302 | D:3      | Reached XP level 5. HP: 42/42 MP: 7/7
  2560 | D:3      | Reached skill level 4 in Fighting
  2676 | D:3      | Killed from afar by an orc priest

Skill      XL: |  1  2  3  4  5 |
---------------+----------------+-----
Dodging        | 1 |  1.9
Armour         | 3 |  3.1
Invocations    | 3 |  3.1
Fighting       | 4 |  4.0
Maces & Flails | |  2.8

Action                   |  1- 3 |  4- 6 || total
-------------------------+-------+-------++-------
Melee: Mace              |    98 |    86 ||   184
Invok: Depart the Abyss  |     1 |       ||     1
 Abil: Dig               |       |     1 ||     1
  Eat: Chunk             |     2 |     3 ||     5
Armor: Leather armour    |    35 |    40 ||    75
Dodge: Dodged            |    74 |    85 ||   159
